 Dungeon Crawl Stone Soup version 0.29-a0-82-g837932c90e (webtiles) character file.

Game seed: 4249130714351447558

81 lordive the Grasshopper (level 4, -2/42 HPs)
             Began as a Troll Warper on Feb 4, 2022.
             Slain by Grinder (8 damage)
             ... while paralysed by Grinder
             ... on level 4 of the Dungeon.
             The game lasted 00:01:22 (688 turns).

lordive the Grasshopper (Troll Warper)               Turns: 688, Time: 00:01:22

Health: -2/42      AC:  4    Str: 19    XL:     4   Next: 20%
Magic:  5/5        EV:  1    Int: 11    God:
Gold:   37         SH:  0    Dex:  9    Spells: 5/5 levels left

rFire   . . .      SeeInvis .     - Unarmed
rCold   . . .      Faith    .   (no shield)
rNeg    . . .      Spirit   .   a - +0 robe
rPois   .          Reflect  .   (helmet restricted)
rElec   .          Harm     .   (no cloak)
rCorr   .          Rampage  .   (gloves unavailable)
Will    .....                   (boots unavailable)
Stlth   +.........              (no amulet)
HPRegen 0.94/turn               (no ring)
MPRegen 0.09/turn               (no ring)

@: paralysed
A: large, unfitting armour, claws 3, regeneration 1, shaggy fur 1, tough skin 1
a: no special abilities


You were on level 4 of the Dungeon.
You visited 1 branch of the dungeon, and saw 4 of its levels.

You collected 37 gold pieces.

Inventory:

Missiles
 c - 5 boomerangs of dispersal (quivered)
Armour
 a - a +0 robe (worn)
Jewellery
 d - a ring of resist corrosion
Wands
 f - a wand of flame (9)
Scrolls
 b - a scroll of blinking
 e - a scroll of identify {unknown}
 i - a scroll of immolation {unknown}
 j - a scroll of fog {unknown}
 k - a scroll of teleportation {unknown}
Potions
 g - a potion of attraction {unknown}
 h - a potion of curing {unknown}


   Skills:
 + Level 1.9 Fighting
 - Level 0.8 Throwing
 + Level 2.1 Dodging
 + Level 2.5 Unarmed Combat
 + Level 1.3 Spellcasting
 * Level 3.2 Translocations


You had 5 spell levels left.
You didn't know any spells.
Your spell library contained the following spells:

 Spells                   Type           Power      Damage    Failure   Level
 Blink                    Tloc           14%        N/A       13%         2
 Gell's Gravitas          Tloc           7%         N/A       26%         3
 Lesser Beckoning         Tloc           7%         N/A       26%         3
 Teleport Other           Tloc           7%         N/A       26%         3
 Passage of Golubria      Tloc           7%         N/A       63%         4
 Manifold Assault         Tloc           7%         N/A       93%         5
 Silence                  Hex/Air        0%         N/A       100%        5
 Lehudib's Crystal Spear  Conj/Erth      0%         10d2      100%        8


Dungeon Overview and Level Annotations

Branches:
Dungeon (4/15)
 Temple: D:4-7

Altars:
Hepliaklqana

Annotations:
D:4 Grinder


Innate Abilities, Weirdness & Mutations

You are too large for most types of armour.
You have claws for hands.
Your natural rate of healing is unusually fast.
You are covered in fur. (AC +1)
You have tough skin. (AC +1)


Message History

You kill the endoplasm!
No target in view!
No target in view!
You see here 25 sling bullets.
Found 20 stones.
Found a spear.
Grinder comes into view.
Grinder shouts!
Grinder blinks!
Grinder is nearby!
Grinder is nearby!
Grinder is nearby!
Grinder blinks!
You scratch Grinder.
Grinder is lightly wounded.
Grinder hits you!
You writhe in agony.
You scratch Grinder.
Grinder is lightly wounded.
Grinder completely misses you.
You barely miss Grinder.
Grinder is lightly wounded.
Grinder says, "Wait up."
Grinder hits you.
You writhe in agony.
You closely miss Grinder.
Grinder is lightly wounded.
Grinder hits you.
You writhe in agony.
Unknown command.
You claw Grinder!
Grinder is moderately wounded.
Grinder barely misses you.
You barely miss Grinder.
Grinder is moderately wounded.
Grinder gestures at you.
You suddenly lose the ability to move!
Grinder hits you!
You writhe in agony.
Grinder gestures at you. Pain shoots through your body!
* * * LOW HITPOINT WARNING * * *
Grinder hits you!
You die...

........... ........#.#.
.............
.###.......
.............#.
#..##....
................ #...
#..#. #...#..........#
###.. ....##
##...###.......# ....
...# ##..##........##
.....
##......##......##......
#...#...###....(@5.....#
#.(.#....#..............
#.......................
####..................##
#.#.##...#..)....###
#...##...##......#
##(.##...######...#
##...#....# #..#
#..##(....# ###


You could see Grinder.

Vanquished Creatures
  A centaur skeleton (D:4)
  An iguana (D:4)
  A white imp (D:4)
  An ufetubus (D:4)
  A worm (D:2)
  3 endoplasms (D:4)
  A giant cockroach (D:4)
  A hobgoblin (D:4)
  2 ball pythons
  A kobold (D:4)
  5 rats
18 creatures vanquished.

Notes
Turn   | Place    | Note
-------+----------+-------------------------------------------
     0 | D:1      | lordive the Troll Warper began the quest for the Orb.
     0 | D:1      | Reached XP level 1. HP: 19/19 MP: 1/1
   162 | D:3      | Noticed a hound
   249 | D:2      | Found a hazy altar of Hepliaklqana.
   316 | D:4      | Reached XP level 2. HP: 27/27 MP: 2/2
   507 | D:4      | Reached skill level 3 in Translocations
   507 | D:4      | Reached XP level 3. HP: 6/35 MP: 2/4
   546 | D:4      | Reached XP level 4. HP: 40/42 MP: 5/5
   675 | D:4      | Noticed Grinder
   685 | D:4      | Paralysed by Grinder for 7 turns
   688 | D:4      | Slain by Grinder

Illustrated notes

Levels and vault maps discovered:
D:1:      wander_arrival_chamber, layout_basic, serial_co_window_serial,
          co_window_paths_a, co_window_paths_a, co_window_cross_1,
          co_window_paths_a, co_window_paths_b, co_window_corner_cb,
          co_window_broadway_c, co_window_unsneaky_path_a,
          co_window_of_opportunity_b, co_window_unsneaky_path_a,
          co_window_cross_4, co_window_2corner, co_window_paths_d,
          glass_columns_b, glass_columns_c, glass_columns_c
D:2:      layout_basic, hellmonk_ecumenical_altar_inner_sanctum, basic_altar,
          minmay_lizard_king
D:3:      layout_basic, serial_curves, eino_curves_02, eino_curves_02,
          eino_curves_03
D:4:      layout_cave_pools, serial_bayou_pond_a, uniq_grinder

Skill      XL: |  1  2 |
---------------+-------+-----
Dodging        | 2 |  2.1
Translocations | 3 |  3.2
Fighting       | |  1.9
Throwing       | |  0.8
Unarmed Combat | |  2.5
Spellcasting   | |  1.3

Action                   |  1- 3 |  4- 6 || total
-------------------------+-------+-------++-------
Melee: Unarmed           |    37 |    17 ||    54
       Punch             |     2 |       ||     2
Armor: Robe              |     9 |     3 ||    12
Dodge: Dodged            |    13 |     5 ||    18

Table legend: (Time is in decaauts)
 A = Elapsed time spent in this place.
 B = Non-inter-level travel time spent in this place.
 C = Inter-level travel time spent in this place.
 D = Time resting spent in this place.
 E = Time spent auto-exploring this place.
 F = Levels seen in this place.
 G = Mean time per level.
                   A        B        C        D        E       F      G
               +--------+--------+--------+--------+--------+-----+--------+
         Total |    688 |    644 |     44 |     31 |    445 |   4 |  172.0 |
       Dungeon |    688 |    644 |     44 |     31 |    445 |   4 |  172.0 |
               +--------+--------+--------+--------+--------+-----+--------+

Top non-repeatable levels by time:
     D:4: 407 daAuts
     D:2: 184 daAuts
     D:1: 69 daAuts
     D:3: 26 daAuts
